[Event "*** Titled Tuesday Blitz"]
[Site "Chess.com"]
[Date "2020.10.20"]
[Round "11"]
[White "Meri-Arabidze"]
[Black "pastouche06"]
[Result "1/2-1/2"]
[WhiteElo "2629"]
[BlackElo "2489"]
[TimeControl "180+1"]
[EndTime "12:09:41 PDT"]
[Termination "Game drawn by repetition"]

1. d4 d5 2. c4 e6 3. Nf3 a6 4. cxd5 exd5 5. Nc3 c6 6. Bf4 Bd6 7. Bg3 Ne7 8. e3 O-O 9. Bd3 Bf5 10. O-O Bxg3 11.
hxg3 Nd7 12. b4 Bxd3 13. Qxd3 Nb6 14. a4 Nc4 15. b5 Nc8 16. Rfc1 axb5 17. axb5 Rxa1 18.
Rxa1 N8d6 19. bxc6 bxc6 20. Ne2 Qc7 21. Nf4 Rb8 22. Ng5 g6 23. e4 dxe4 24. Nxe4 Nxe4 25. Qxe4 Nd6 26. Qe5 Re8 27. Qf6 Ne4 28. Qh4 g5 29.
Qg4 f5 30. Qh5 Qf7 31. Ra7 Re7 32. Ra8+ Kg7 33. Qxf7+ Kxf7 34. Nd3 Rb7 35. Ne5+ Kg7 36. Ra1 c5 37. dxc5 Nxc5 38. f4 g4 39. Kh2 Ne4 40.
Nc6 Rb6 41. Nd4 Rh6+ 42. Kg1 Nxg3 43. Ra7+ Kg8 44. Kf2 Ne4+ 45. Ke3 Nd6 46. Rd7 Kf8 47. g3 Ke8 48. Ra7 Rh3 49. Ne6 Rxg3+ 50. Kf2 Ne4+ 51. Ke2 Rg2+ 52. Ke3 Rg3+ 53. Kd4 Rb3 54. Ng7+ Kf8 55. Nxf5 Rb4+ 56. Ke5 g3 57. Ra8+ Kf7 58. Ra7+ Kf8 59. Ra8+ Kf7 60. Ra7+ Kf8 1/2-1/2

[Event "*** Titled Tuesday Blitz"]
[Site "Chess.com"]
[Date "2020.10.20"]
[Round "11"]
[White "MITerryble"]
[Black "platy3"]
[Result "1/2-1/2"]
[WhiteElo "2903"]
[BlackElo "2838"]
[TimeControl "180+1"]
[EndTime "12:09:45 PDT"]
[Termination "Game drawn - insufficient material"]

1. d4 Nf6 2. Nf3 d5 3. c4 e6 4. e3 a6 5. b3 b6 6. Bd3 Bb7 7. Bb2 Nbd7 8. O-O Bd6 9. Nc3 O-O 10. cxd5 exd5 11. Rc1 Qe7 12. Bf5 g6 13. Bh3 Rfe8 14. Ne2 Ne4 15. Bxd7 Qxd7 16. Ng3 f6 17. Nxe4 Rxe4 18.
Rc2 Qe7 19. Nd2 Re6 20. Qf3 Rb8 21. Rfc1 f5 22. Nf1 Rf8 23. g3 g5 24. Nd2 f4 25.
exf4 gxf4 26. g4 Qg7 27. Kh1 Rfe8 28. h3 Re1+ 29. Kg2 R1e2 30. Nf1 Qe7 31. Nh2 Rxc2 32. Rxc2 Qe4 33. Rc1 Qe2 34. Bc3 Qxa2 35. g5 Qe2 36. Ng4 Qxf3+ 37. Kxf3 Kf7 38. Nf6 Rh8 39. Bd2 h6 40.
Bxf4 Bxf4 41. Kxf4 hxg5+ 42. Kxg5 Rc8 43. b4 c6 44. Ng4 Ke6 45. Re1+ Kd6 46. f4 c5 47.
bxc5+ bxc5 48. dxc5+ Rxc5 49. f5 d4 50. Kf4 Bc8 51.
Nh6 d3 52. Rd1 Rd5 53. Ke4 d2 54. Ke3 Bxf5 55. Rxd2 Be6 56. Rxd5+ Kxd5 57. Kd2 Ke5 58. Ng4+ Kf4 59. Kc3 Bxg4 60. hxg4 Kxg4 61. Kc4 Kh3 62. Kb4 Kh2 63. Ka5 Kh1 64. Kxa6 1/2-1/2

[Event "*** Titled Tuesday Blitz"]
[Site "Chess.com"]
[Date "2020.10.20"]
[Round "11"]
[White "sopo-tereladze"]
[Black "Fusikk"]
[Result "0-1"]
[WhiteElo "2330"]
[BlackElo "2535"]
[TimeControl "180+1"]
[EndTime "12:09:46 PDT"]
[Termination "Fusikk won on time"]

1. d4 d5 2. Nf3 Nf6 3. Bf4 e6 4. e3 Bd6 5. Bd3 c5 6. c3 Bxf4 7. exf4 b6 8. O-O O-O 9. Re1 Ba6 10. Bc2 g6 11. Nbd2 Nc6 12. Ne5 Rc8 13. Ndf3 Nd7 14.
Qd2 cxd4 15. Nxd4 Ndxe5 16. fxe5 Nxd4 17. Qxd4 Qe7 18. Qe3 Rfd8 19. Rad1 Bc4 20. Bb1 Qh4 21. Rd4 Qe7 22. Red1 Ba6 23. Qh6 Qf8 24. Qg5 Rc4 25. Rxc4 Bxc4 26. Rd4 Rc8 27. h4 Be2 28. h5 Rc4 29. h6 Rxd4 30. cxd4 Bb5 31. Bc2 f6 32. exf6 Kf7 33. Qf4 Qd8 34. a4 Be8 35. Bxg6+ hxg6 36. h7 Bxa4 37. Qh6 Qh8 38. g4 g5 39. Kg2 Bc2 40. Kg3 Qxh7 41. Qxg5 Qd3+ 42. f3 Qg6 43. Qe5 Qxf6 44.
Qc7+ Qe7 45. Qf4+ Kg7 46. Qe5+ Kg8 47. Qb8+ Kh7 48. Qe5 Bg6 49. f4 Qf7 50. Qd6 Qe8 51. Qe5 Qc8 52. Qd6 Qc2 53. Kh4 Qh2+ 54. Kg5 Qh6+ 55.
Kf6 Be4+ 56. Ke7 Qg7+ 57. Kxe6 Qg6+ 58. Kd7 Qxd6+ 59. Kxd6 Kg6 60. Ke5 Bf3 0-1

[Event "*** Titled Tuesday Blitz"]
[Site "Chess.com"]
[Date "2020.10.20"]
[Round "11"]
[White "Sibelephant"]
[Black "Hikaru"]
[Result "0-1"]
[WhiteElo "3108"]
[BlackElo "3226"]
[TimeControl "180+1"]
[EndTime "12:09:47 PDT"]
[Termination "Hikaru won by resignation"]

1. d4 g6 2. e4 Bg7 3. Nf3 a6 4.
Bc4 d6 5. O-O e6 6. Re1 b6 7.
Nbd2 Bb7 8. Nf1 Nd7 9. c3 Ne7 10.
Ng3 h6 11. Bb3 e5 12. Be3 O-O 13. Qd2 Kh7 14. Rad1 Nc6 15. Bd5 Qe7 16. dxe5 dxe5 17. b4 Nf6 18. Bb3 a5 19. a3 axb4 20. axb4 Ng4 21.
Bd5 Nxe3 22. Qxe3 Nd8 23. h4 h5 24. Ng5+ Kh8 25. Qf3 f6 26. Ne6 Nxe6 27. Bxb7 Rad8 28. Ne2 c5 29. Rxd8 Rxd8 30. Bd5 cxb4 31. Rb1 bxc3 32.
Qxc3 Nc7 33. Ba2 b5 34. Qa5 Bh6 35. Bb3 Bd2 36. Qb6 Qd6 37. Qb7 Bb4 38. Rd1 Qe7 39.
Rxd8+ Qxd8 40. Qc6 Kg7 41. f4 Qe7 42. f5 Qc5+ 43.
Qxc5 Bxc5+ 44. Kf1 Be3 45. fxg6 Kxg6 46. Ng3 Bf4 47. Nf5 Na6 48. Bd5 Nc5 49. Bc6 b4 50. Be8+ Kh7 51. Nd6 b3 52. Nc4 Bc1 53. Bxh5 Nxe4 54.
Bd1 Nc5 55. Kf2 f5 56. g4 b2 57. Bc2 Ne4+ 58. Kg2 Nc3 59. Bxf5+ Kg7 60. Bc2 e4 61. Kf2 b1=Q 62. Bxb1 Nxb1 63. Nd6 Nc3 64. Nf5+ Kf6 65. h5 Bg5 66. Nd6 e3+ 67. Kf3 e2 68. Ne4+ Kg7 69. Kf2 Bh4+ 0-1

[Event "*** Titled Tuesday Blitz"]
[Site "Chess.com"]
[Date "2020.10.20"]
[Round "11"]
[White "Sadykov_Ramil"]
[Black "MarkkuH"]
[Result "1-0"]
[WhiteElo "2552"]
[BlackElo "2393"]
[TimeControl "180+1"]
[EndTime "12:09:47 PDT"]
[Termination "Sadykov_Ramil won on time"]

1. d4 Nf6 2. Bf4 g6 3. Nc3 Bg7 4. e4 d6 5. Qd2 O-O 6. O-O-O Re8 7. e5 Nfd7 8. Nf3 Nf8 9. h3 Nc6 10. Qe3 a6 11. g4 b5 12. Bg2 Bb7 13. Rhe1 Na5 14. d5 Nc4 15. Qd3 dxe5 16. Nxe5 Nxe5 17. Bxe5 Bxe5 18. Rxe5 Nd7 19. Re3 Nf6 20. a3 Qd6 21.
Qd4 Rad8 22. f4 Ba8 23. f5 Qh2 24. Rd2 Qg1+ 25. Re1 Qxd4 26. Rxd4 c6 27. Red1 Nxd5 28. Nxd5 cxd5 29. Bxd5 Bxd5 30. Rxd5 Rxd5 31. Rxd5 gxf5 32. gxf5 e6 33. Rd6 exf5 34. Rxa6 Re3 35. Rb6 f4 36. Rxb5 Rxh3 37. Rf5 f3 38. Kd2 Rh2+ 39. Kd3 f2 40. a4 Kg7 41. a5 Kg6 42. Rf4 Rh3+ 43. Ke2 Rh2 44. Rxf2 Rh5 45. b4 Rb5 46. c3 f5 47.
Kd3 Kf6 48. a6 Rb8 49. a7 Rd8+ 50. Kc4 Rc8+ 51. Kd5 Rd8+ 52. Kc6 Ra8 53. Kb7 Re8 54. a8=Q Rxa8 55. Kxa8 Ke5 56. b5 Ke4 57. b6 f4 58. b7 Ke3 59. Rf1 f3 60. b8=Q Ke2 61. Rxf3 Kxf3 62. Qh2 Ke4 63. Qxh7+ Kd5 64. Qc7 Ke6 65. c4 1-0

[Event "*** Titled Tuesday Blitz"]
[Site "Chess.com"]
[Date "2020.10.20"]
[Round "11"]
[White "TomiLen"]
[Black "GalperinPlaton"]
[Result "1/2-1/2"]
[WhiteElo "2650"]
[BlackElo "2836"]
[TimeControl "180+1"]
[EndTime "12:09:50 PDT"]
[Termination "Game drawn by agreement"]

1. c4 e5 2. g3 h5 3. Nc3 h4 4. Bg2 Nc6 5. d3 d6 6. Rb1 h3 7. Bf3 a5 8. e3 Be6 9. a3 Nf6 10. Nd5 g6 11. Ne2 Bh6 12. Nec3 Rb8 13. b4 axb4 14. axb4 Kf8 15. b5 Bxd5 16. Nxd5 Nxd5 17.
Bxd5 Ne7 18. Bf3 Kg7 19. Bb2 Bg5 20. O-O f5 21. Ra1 Bf6 22. Ra7 Qc8 23. Qa4 g5 24.
Bh1 f4 25. Qd1 g4 26. exf4 exf4 27. Bxf6+ Kxf6 28. gxf4 Qf5 29. Qa1+ Kf7 30. Qd4 Qf6 31. Qxf6+ Kxf6 32. Re1 Ng6 33. Re4 Ra8 34. Rxa8 Rxa8 35. Re1 Nxf4 36. Bxb7 Ra2 37. Be4 Ne2+ 38. Kf1 Nd4 39.
Rb1 Ke5 40. Ke1 Kf4 41. b6 cxb6 42. Rxb6 Ra1+ 43. Kd2 Rf1 44. Rxd6 Rxf2+ 45. Kc3 Ne2+ 46. Kb4 Rxh2 47. c5 Ng3 48. Bd5 Rb2+ 49. Kc3 Rb1 50. Kc2 Rb5 51. c6 Rxd5 52. Rxd5 h2 53. Rd4+ Ke3 54. c7 h1=Q 55. c8=Q Kxd4 56. Qxg4+ Kc5 57. Qxg3 Qa1 58. Qc7+ Kd5 59. Qd7+ Kc5 60. Qc7+ Kd5 61. Qc4+ Kd6 62. Qb4+ Kd5 63. Qb7+ Kd6 64. Qb4+ Kd5 65. Qb3+ Kd6 66. Qc3 Qxc3+ 67. Kxc3 Kc5 68. d4+ Kd5 69. Kd3 Kd6 1/2-1/2

[Event "*** Titled Tuesday Blitz"]
[Site "Chess.com"]
[Date "2020.10.20"]
[Round "11"]
[White "Fortitudine"]
[Black "TrenerChos"]
[Result "1-0"]
[WhiteElo "2281"]
[BlackElo "2161"]
[TimeControl "180+1"]
[EndTime "12:09:50 PDT"]
[Termination "Fortitudine won by checkmate"]

1. c4 Nf6 2. g3 e6 3. Bg2 d5 4.
Nf3 Be7 5. O-O O-O 6. b3 c6 7.
Bb2 Nbd7 8. d4 b6 9. e3 Ba6 10. Qe2 c5 11. Nc3 cxd4 12. exd4 Rc8 13. Nb5 Bxb5 14.
cxb5 Ne4 15. Rfc1 Ndf6 16. Ne5 Nd6 17. Nc6 Qd7 18. Ba3 Nf5 19. Bb2 Bd6 20. Rc2 Rc7 21. Rac1 Rfc8 22. a4 Ne7 23. Ne5 Bxe5 24. dxe5 Ne8 25.
Ba3 Ng6 26. f4 Ne7 27. Qd2 Rxc2 28. Rxc2 Nf5 29. Qc1 Rxc2 30. Qxc2 d4 31. Qc6 Qxc6 32. bxc6 d3 33. Kf2 Nc7 34. Bd6 d2 35. Ke2 d1=Q+ 36.
Kxd1 Nd5 37. Ke2 Nfe7 38. Bxd5 Nxd5 39. c7 Nxc7 40. Bxc7 Kf8 41. Bb8 Ke8 42. Bxa7 Kd7 43. Bxb6 Kc6 44. Be3 Kd5 45. Kd3 Kc6 46. b4 Kb7 47. b5 g6 48. Kc4 h5 49. a5 Kc7 50.
Kc5 Kb7 51. Kd6 h4 52. Ke7 Ka8 53. Kxf7 Kb7 54. Kxe6 Ka8 55. gxh4 Kb7 56. Kf6 Ka8 57. Kxg6 Kb7 58. Bd2 Ka8 59. Kf6 Kb7 60. Ke6 Ka8 61. h5 Kb7 62. Bb4 Ka8 63. h6 Kb7 64.
h7 Ka8 65. Kd6 Ka7 66. Kc6 Ka8 67. h8=Q+ Ka7 68. Bc5# 1-0

[Event "*** Titled Tuesday Blitz"]
[Site "Chess.com"]
[Date "2020.10.20"]
[Round "11"]
[White "Alexander_Moskalenko"]
[Black "mirceaparligras"]
[Result "0-1"]
[WhiteElo "2865"]
[BlackElo "2670"]
[TimeControl "180+1"]
[EndTime "12:09:51 PDT"]
[Termination "mirceaparligras won by checkmate"]

1. d4 Nf6 2. Bg5 e6 3. c4 h6 4.
Bh4 Bb4+ 5. Nc3 c5 6. Nf3 Qa5 7. Bxf6 Bxc3+ 8. bxc3 Qxc3+ 9. Nd2 gxf6 10. e3 cxd4 11. Rc1 Qb2 12. Rc2 Qb6 13. c5 Qa5 14. exd4 Nc6 15. d5 Nb4 16. Bc4 Nxc2+ 17. Qxc2 Qxc5 18.
Qb2 e5 19. O-O Qb6 20. Qa3 d6 21. Rb1 Qc5 22. Qf3 f5 23. Bd3 Qd4 24. Rd1 Qf4 25.
Qe2 Bd7 26. Nc4 O-O 27. g3 Qg4 28. Qd2 Qg5 29. Qb2 e4 30. Bf1 b6 31. Nxd6 Rad8 32.
Qa3 Qe7 33. Ba6 Bc8 34. Bxc8 Rxc8 35. Nb5 Qxa3 36. Nxa3 Rc5 37. d6 Rd8 38. Kg2 Kg7 39. h3 h5 40. Rd4 Kf6 41. Nc4 b5 42. Na5 Rd7 43. g4 hxg4 44. hxg4 Ke5 45. Nb3 Rc4 46. Rd1 f4 47. Na5 Rd4 48. Rh1 R4xd6 49. Rh5+ Kd4 50. Rxb5 Rg6 51. Nb3+ Kc4 52. Rc5+ Kb4 53. g5 Rd3 54. Rf5 Ka3 55. Nc5 f3+ 56. Kg3 Rd4 57. Kf4 a5 58. Ke3 Rb4 59. Nd7 a4 60. Ne5 Re6 61. Nxf7 Kxa2 62.
Ra5 a3 63. Ne5 Kb2 64. Nc6 Rb3+ 65. Kf4 Rxc6 66. Kxe4 a2 67. Kf5 a1=Q 68. Rxa1 Kxa1 69. g6 Rb5+ 70. Kf4 Rxg6 71. Kxf3 Rf6+ 72. Ke4 Rbf5 73. f4 Rxf4+ 74. Ke3 R4f5 75. Ke2 Ra5 76. Ke1 Rb6 77.
Kd1 Rb2 78. Kc1 Rh5 79. Kd1 Rh1# 0-1

[Event "*** Titled Tuesday Blitz"]
[Site "Chess.com"]
[Date "2020.10.20"]
[Round "11"]
[White "margarita_2703"]
[Black "GMTalks_Youtube"]
[Result "0-1"]
[WhiteElo "2409"]
[BlackElo "2601"]
[TimeControl "180+1"]
[EndTime "12:09:52 PDT"]
[Termination "GMTalks_Youtube won by resignation"]

1. Nf3 d5 2. d4 Nf6 3. Bf4 c5 4. e3 Nc6 5. c3 Qb6 6. Qc1 Bf5 7. Nbd2 Rc8 8. Be2 e6 9. O-O Be7 10. a4 O-O 11. dxc5 Bxc5 12. b4 Be7 13. a5 Qd8 14. Qb2 Nh5 15. Be5 Nxe5 16. Nxe5 Qc7 17. f4 Nf6 18. Rac1 Qd6 19. Nb3 a6 20. Nc5 Qc7 21.
Nb3 Nd7 22. Nxd7 Qxd7 23. Nd4 Bg6 24. g4 Be4 25. b5 axb5 26. Bxb5 Qc7 27. a6 bxa6 28.
Bxa6 Rb8 29. Qd2 Bc5 30. Bd3 Bxd3 31. Qxd3 Rb2 32. Rc2 Rxc2 33. Qxc2 Rc8 34. Rf3 Bxd4 35. exd4 Qc4 36. Qd3 Qa2 37. Rf2 Qa1+ 38. Rf1 Qxc3 39.
Qxc3 Rxc3 40. Rb1 g6 41. Kf2 Rc2+ 42. Kg3 Rc4 43. Rd1 h6 44. Kf3 Rc3+ 45. Kg2 g5 46. f5 exf5 47. gxf5 Kg7 48. Re1 Rd3 49. Re5 Rxd4 50.
Kg3 Kf6 51. Re8 h5 52. h3 Rd3+ 53. Kg2 Kxf5 54. Rf8 f6 55. Rh8 h4 56. Rd8 d4 57.
Kh2 Kf4 58. Kg2 f5 59. Kh2 Rd2+ 60. Kg1 Kg3 61. Kf1 f4 62. Rg8 Kf3 63. Ke1 Re2+ 64. Kd1 Rg2 65. Rd8 Ke3 66. Re8+ Kd3 67. Ke1 Rg3 68.
Rg8 Ke3 69. Re8+ Kf3 70. Rd8 Rxh3 71. Rxd4 Rg3 72. Rd3+ Kg4 73. Rd7 h3 74. Kf1 Rg2 0-1

[Event "*** Titled Tuesday Blitz"]
[Site "Chess.com"]
[Date "2020.10.20"]
[Round "11"]
[White "Ural_bogatyr"]
[Black "ehrenfeld"]
[Result "1/2-1/2"]
[WhiteElo "2361"]
[BlackElo "2466"]
[TimeControl "180+1"]
[EndTime "12:09:54 PDT"]
[Termination "Game drawn by repetition"]

1. e4 d6 2. d4 g6 3. Nc3 Bg7 4. h4 h5 5. Nh3 Bxh3 6. Rxh3 e6 7. Bg5 Ne7 8. Qd2 Nd7 9. O-O-O c6 10. f4 f6 11. f5 fxg5 12. fxe6 Nf6 13. hxg5 Ng4 14. Rf3 Rf8 15. Bc4 Qc7 16. Rf7 Rxf7 17. exf7+ Kf8 18. Rf1 d5 19. exd5 cxd5 20. Bxd5 Rd8 21. Qd3 Nxd5 22.
Nxd5 Rxd5 23. Qxg6 Qe7 24. Qh7 Qxg5+ 25. Kb1 Nh6 26. Qe4 Nxf7 27. Qe6 Kg8 28. Qxf7+ Kh7 29.
Rh1 Qf5 30. Qxf5+ Rxf5 31. g4 Rd5 32. c3 Kh6 33. Rxh5+ Rxh5 34. gxh5 Kxh5 35. Kc2 Kg5 36. Kd3 Kf5 37. a4 Ke6 38. a5 Kd6 39. b4 Bf6 40.
c4 Bh4 41. Ke4 Be1 42. c5+ Kd7 43. a6 bxa6 44. d5 Bxb4 45. Kd4 Kc7 46. Kc4 Ba3 47. Kd4 Bc1 48. Kc4 Be3 49. Kb4 Kd7 50. Kc4 Ke7 51.
Kb4 Kf6 52. c6 Bf4 53. Ka5 Ke7 54. Kxa6 Kd8 55. Kxa7 Bd6 56. Kb7 Be5 57. Kb6 Bd6 58. Kb7 Be5 59. Ka6 Kc7 60. Kb5 Bd6 61. Kc4 Be5 62.
Kc5 Bd6+ 63. Kb5 Be5 64. Kc4 Bd6 65. Kd4 Bb4 66. Ke4 Bd6 67. Kf5 Bc5 68. Ke6 Bd6 69.
Kf7 Bc5 70. Ke6 Bd6 71. Kf7 Bc5 72. Ke6 1/2-1/2

[Event "*** Titled Tuesday Blitz"]
[Site "Chess.com"]
[Date "2020.10.20"]
[Round "11"]
[White "romulocardoso"]
[Black "CM_rui"]
[Result "0-1"]
[WhiteElo "2119"]
[BlackElo "2351"]
[TimeControl "180+1"]
[EndTime "12:09:55 PDT"]
[Termination "CM_rui won by resignation"]

1. e4 e5 2. Nf3 Nc6 3. d4 exd4 4.
Bc4 Nf6 5. e5 d5 6. Bb5 Ne4 7.
Nxd4 Bd7 8. Bxc6 bxc6 9. O-O Bc5 10. f3 Ng5 11. Be3 O-O 12. f4 Ne6 13. f5 Nxd4 14. Bxd4 Bxd4+ 15. Qxd4 Qg5 16. h4 Qh5 17. Qf4 Rab8 18. b3 a5 19. Nd2 Rb4 20. c4 Re8 21. a3 Rb6 22. e6 Bc8 23. Qxc7 Rb7 24. Qxc6 fxe6 25. cxd5 exf5 26. Rae1 Rd8 27. d6 Rbd7 28.
Qd5+ Kh8 29. Rxf5 Qxh4 30. Ref1 h6 31. Rf8+ Kh7 32. Qf5+ g6 33. Rf7+ Rxf7 34. Qxf7+ Kh8 35. Qxg6 Qd4+ 36. Rf2 Qxd6 37. Qxd6 Rxd6 38. Nc4 Rd1+ 39. Kh2 Be6 40. Nxa5 Ra1 41. a4 Ra3 42. Rf3 Kg7 43.
Kg3 Bd5 44. Rd3 Be4 45. Re3 Bd5 46. Kf4 Ra2 47. Ke5 Bxg2 48. Ke6 h5 49. Rg3+ Kh6 50. Nc4 h4 51. Rg8 h3 52. Ne3 Be4 53. Rh8+ Bh7 54. Kf6 Rf2+ 55. Ke6 Re2 56. Kd5 Rxe3 57. Rf8 Rxb3 58.
Rf2 Ra3 59. Rh2 Bf5 60. Ke5 Kg5 61. Rf2 Bg4 62. Rf8 Rxa4 63. Rg8+ Kh4 64. Rh8+ Kg3 65.
Kd5 h2 66. Rxh2 Kxh2 67. Ke5 Kg3 0-1

[Event "*** Titled Tuesday Blitz"]
[Site "Chess.com"]
[Date "2020.10.20"]
[Round "11"]
[White "Smirnov_Pavel"]
[Black "German_Bazeev"]
[Result "1-0"]
[WhiteElo "2869"]
[BlackElo "2711"]
[TimeControl "180+1"]
[EndTime "12:09:58 PDT"]
[Termination "Smirnov_Pavel won by resignation"]

1. d4 Nf6 2. c4 e6 3. Nf3 d5 4.
Nc3 c6 5. Bg5 h6 6. Bxf6 Qxf6 7.
e3 Nd7 8. Bd3 dxc4 9. Bxc4 Bd6 10. O-O Qe7 11. Rc1 O-O 12. Ne4 Bc7 13. Bb3 a5 14. a3 Nf6 15. Nc5 e5 16. Nxe5 Bxe5 17. dxe5 Qxe5 18. Qd4 Qxd4 19. exd4 Rd8 20. Rfd1 Rb8 21.
f3 b6 22. Nd3 Rxd4 23. Ne5 Rxd1+ 24. Rxd1 Be6 25. Bxe6 fxe6 26. Rd6 c5 27. Rxe6 a4 28.
Rc6 Rd8 29. Rxb6 Rd2 30. h4 h5 31. Kh2 Re2 32. Ng6 Nd5 33. Rb7 Ne3 34. Nf4 Rc2 35.
Kh3 Rc1 36. Nxh5 Rh1+ 37. Kg3 Nf5+ 38. Kf4 Nxh4 39. Kg5 g6 40. Nf6+ Kf8 41. Nd7+ Ke7 42. Nxc5+ Kd6 43. Ne4+ Kc6 44. Ra7 Nxg2 45. Rxa4 Ne1 46.
Kxg6 Nxf3 47. Kf5 Rh5+ 48. Kf4 Ne1 49. Ke3 Ng2+ 50. Kd4 Nf4 51. Rc4+ Kb6 52. Rb4+ Kc7 53. Nc3 Ne6+ 54. Kc4 Nd8 55. Kb3 Nc6 56. Rc4 Kb6 57. Ka2 Rh2 58. Na4+ Kc7 59. Rc3 Kd6 60. Nc5 Ne5 61.
Nd3 Nc6 62. a4 Rd2 63. Ka3 Kc7 64. Nc5 Kb6 65. b4 Ne5 66. Nb3 Rh2 67. a5+ Kb5 68. Rc5+ Ka6 69. Rxe5 1-0

[Event "*** Titled Tuesday Blitz"]
[Site "Chess.com"]
[Date "2020.10.20"]
[Round "11"]
[White "LyonBeast"]
[Black "Aleksey_Sorokin"]
[Result "1-0"]
[WhiteElo "3044"]
[BlackElo "2863"]
[TimeControl "180+1"]
[EndTime "12:10:01 PDT"]
[Termination "LyonBeast won by resignation"]

1. e4 c6 2. Nc3 d5 3. Nf3 dxe4 4. Nxe4 Nf6 5. Ng3 g6 6. d4 Bg7 7. c3 O-O 8. Be2 c5 9. O-O cxd4 10. Nxd4 Bd7 11.
Bf3 Nc6 12. Re1 e6 13. Bf4 Qb6 14. Nb3 Rfd8 15. Qe2 Ne7 16. Be3 Qc7 17. Rad1 Ned5 18. Bd4 Bc6 19. Be5 Qb6 20. Nd4 Ne7 21. Nxc6 Nxc6 22. Bf4 Nd5 23. Bg5 Rd7 24. Ne4 h6 25. Bc1 Rdd8 26. g3 Rac8 27. Bg2 Nce7 28. c4 Nf6 29. c5 Qb4 30. a3 Qb3 31. Rxd8+ Rxd8 32. Nd6 b6 33. cxb6 axb6 34. Nc4 Nf5 35. Ne5 Nd4 36. Qe3 Qc2 37. h3 b5 38. Qc3 Qxc3 39. bxc3 Nb3 40. Bf4 Nd5 41. Nc6 Rd7 42. Bxd5 exd5 43.
Rb1 Na5 44. Rxb5 Nc4 45. a4 Bxc3 46. Rxd5 Rxd5 47. Ne7+ Kg7 48. Nxd5 Ba5 49. Bc7 f6 50. Bxa5 Nxa5 51. Kf1 Kf7 52. Ke2 Ke6 53. Nf4+ Kf5 54. Kd3 g5 55. Ne2 h5 56. Kd4 h4 57. g4+ Ke6 58.
Kc5 Ke5 59. f3 f5 60. Kb5 Nb7 61. gxf5 Kxf5 62. a5 Nd6+ 63. Kc6 Nc8 64. a6 Na7+ 65.
Kb7 Nb5 66. a7 Nxa7 67. Kxa7 Ke5 68. Kb6 Kd5 69. Kb5 Ke5 70. Kc5 Kf5 71. Kd5 Kf6 72. Ke4 Ke6 73. Nd4+ Kf6 74. Nf5 Kg6 75. Ne3 Kf6 76.
Ng4+ Kg6 77. Ke5 Kh5 78. Ke6 Kg6 79. Ne5+ Kh5 80. Kf6 Kh6 81. Nf7+ Kh5 82. Nxg5 1-0

[Event "*** Titled Tuesday Blitz"]
[Site "Chess.com"]
[Date "2020.10.20"]
[Round "11"]
[White "tptagain"]
[Black "AryanTari"]
[Result "1/2-1/2"]
[WhiteElo "2918"]
[BlackElo "2871"]
[TimeControl "180+1"]
[EndTime "12:10:05 PDT"]
[Termination "Game drawn - insufficient material"]

1. e4 c6 2. Nc3 d5 3. d3 e5 4. Nf3 d4 5. Ne2 Bd6 6. g3 c5 7. Bg2 Nc6 8. O-O Nge7 9. Nd2 O-O 10. Nc4 Bc7 11. a4 Be6 12. f4 exf4 13. gxf4 f6 14.
Kh1 Qd7 15. b3 Kh8 16. Qe1 Nb4 17. Na3 f5 18. Bd2 Nbc6 19. Nc4 Rae8 20. Qg3 Rf6 21.
Rae1 Rg6 22. Qf2 Rf8 23. Ng3 fxe4 24. dxe4 Bh3 25. f5 Bxg2+ 26. Qxg2 Rgf6 27. e5 Rxf5 28. Nxf5 Rxf5 29. e6 Rxf1+ 30. Qxf1 Qd5+ 31. Qg2 Qf5 32. Bg5 h6 33. Bh4 Kh7 34. Bxe7 Nxe7 35. Qe4 Qxe4+ 36. Rxe4 Kg6 37. Kg2 Kf5 38. Kf3 g5 39. h3 h5 40.
Re1 g4+ 41. hxg4+ hxg4+ 42. Kg2 b6 43. Na3 Be5 44. Nc4 Bf4 45. Rf1 Nd5 46. e7 Nxe7 47. Nd6+ Ke5 48. Nc4+ Ke4 49. Re1+ Be3 50. Kg3 Nd5 51.
Kxg4 a6 52. Nd2+ Ke5 53. Nc4+ Ke4 54. Re2 Nc3 55. Rh2 b5 56. axb5 axb5 57. Nd6+ Kd5 58. Nxb5 Nxb5 59. Kf3 Nc3 60. Rh5+ Kc6 61. Rh8 Kb5 62.
Rb8+ Ka5 63. Rb7 Nb5 64. Rb8 Nc3 65. Rb7 Nd5 66. Ke4 Nb4 67. c3 Nc2 68. cxd4 cxd4 69.
Rc7 Ne1 70. Rc4 Kb5 71. Rxd4 Bxd4 72. Kxd4 Kb4 73. Ke3 Kxb3 1/2-1/2

[Event "*** Titled Tuesday Blitz"]
[Site "Chess.com"]
[Date "2020.10.20"]
[Round "11"]
[White "sergeikim"]
[Black "gliglu"]
[Result "0-1"]
[WhiteElo "2521"]
[BlackElo "2374"]
[TimeControl "180+1"]
[EndTime "12:10:12 PDT"]
[Termination "gliglu won on time"]

1. d4 Nf6 2. c4 e6 3. Nc3 Bb4 4. Qc2 O-O 5. a3 Bxc3+ 6. Qxc3 d6 7. Nf3 Nbd7 8. g3 b6 9. Bg2 Bb7 10. O-O c5 11. dxc5 dxc5 12. Rd1 Qe7 13. b3 Rfd8 14.
Bb2 Nf8 15. Bh3 Ng6 16. Ne5 Rxd1+ 17. Rxd1 Rd8 18. Re1 Qd6 19. Nxg6 hxg6 20. f3 Qd2 21. Bg2 Qd6 22. Kf2 Qc6 23. Kf1 Rd4 24. Qc2 Rd7 25.
Qc3 Qd6 26. Qe3 Qd2 27. Qc3 Qxc3 28. Bxc3 Kf8 29. Rc1 Ke7 30. Ke1 Ne8 31. Bf1 f6 32. f4 Nd6 33. b4 Ne4 34. Ba1 Rd2 35. Bg2 Ra2 36. Bxe4 Bxe4 37. bxc5 bxc5 38. Bc3 Rxa3 39. Kd2 Ra2+ 40. Ke3 Bf5 41. Ra1 Rxa1 42. Bxa1 Kd6 43.
Bc3 Kc6 44. Kf3 Bb1 45. Ke3 Kd6 46. g4 Ke7 47. g5 Kf7 48. h4 Ke7 49. Kd2 a6 50.
Bb2 a5 51. Kc3 a4 52. Ba3 Kd6 53.
Kb2 Be4 54. Kc3 Bf5 55. e3 Bg4 56. Kd2 e5 57. Kc3 Be6 58. Kd3 exf4 59. exf4 Bd7 60. Kc3 Ke6 61. Bxc5 Kf5 62. Bf8 Kxf4 63. Bxg7 fxg5 64.
hxg5 Kxg5 65. Bf8 Kf5 66. Kd3 g5 67. Ke3 g4 68. Kf2 Kf4 69. Bd6+ Ke4 70. Kg3 Kd4 71. c5 Kd5 72. Kf4 Kc6 73. Kg3 a3 74. Be5 a2 0-1

[Event "*** Titled Tuesday Blitz"]
[Site "Chess.com"]
[Date "2020.10.20"]
[Round "11"]
[White "mshuaau0"]
[Black "AurumO"]
[Result "1/2-1/2"]
[WhiteElo "2196"]
[BlackElo "1977"]
[TimeControl "180+1"]
[EndTime "12:10:15 PDT"]
[Termination "Game drawn by repetition"]

1. e4 c5 2. Nf3 Nc6 3. Nc3 g6 4. Bc4 Bg7 5. d3 e6 6. a4 Nge7 7. O-O O-O 8. Bg5 h6 9. Bh4 g5 10. Bg3 d5 11. exd5 exd5 12. Ba2 Bg4 13. h3 Bh5 14.
Re1 Nd4 15. Rxe7 Qxe7 16. Nxd5 Qd7 17. Ne5 Bxd1 18. Nxd7 Rfd8 19. N7f6+ Bxf6 20. Nxf6+ Kg7 21. Nh5+ Kg6 22. Rxd1 Rd7 23. c3 Nf5 24. Nf4+ gxf4 25. Bxf4 Rad8 26. Bb1 Ne7 27. Re1 Nd5 28. Bd2 Kg7 29.
Re4 Re7 30. Rg4+ Kh8 31. Kf1 Rde8 32. Rh4 f5 33. Rxh6+ Kg7 34. Rd6 Nb6 35. Bh6+ Kf7 36.
Ba2+ c4 37. Be3 f4 38. Rxb6 fxe3 39. Bxc4+ Kg7 40. Rb5 exf2 41. Kxf2 Re2+ 42. Kg3 R2e7 43. Rg5+ Kf6 44. Rg4 Rg7 45. Rxg7 Kxg7 46. Bd5 b6 47. Be4 Rd8 48. Kf3 a6 49. g4 b5 50. axb5 axb5 51.
h4 b4 52. cxb4 Rb8 53. b3 Rxb4 54. Bd5 Rd4 55. Bc4 Kf6 56. g5+ Kf5 57. b4 Rxh4 58. b5 Kxg5 59. b6 Rh6 60. b7 Rb6 61.
Bd5 Kf6 62. Ke4 Ke7 63. Kd4 Kd6 64. Be4 Rb4+ 65. Kc3 Rb6 66. Kc4 Kc7 67. Kc5 Rb2 68. Kd4 Kd6 69. Kc3 Rb1 70. Kc2 Rb4 71. Kc3 Rb1 72.
d4 Rb6 73. Kc4 Rb2 74. Kc3 Rb6 75. Kc4 Rb2 76. Bf3 Rb6 77. Be4 1/2-1/2

[Event "*** Titled Tuesday Blitz"]
[Site "Chess.com"]
[Date "2020.10.20"]
[Round "11"]
[White "ShcufNaiRolf"]
[Black "Caterpiller35"]
[Result "1/2-1/2"]
[WhiteElo "2324"]
[BlackElo "2415"]
[TimeControl "180+1"]
[EndTime "12:10:21 PDT"]
[Termination "Game drawn - insufficient material"]

1. e4 c5 2. Nf3 Nc6 3. d4 cxd4 4. Nxd4 e5 5. Nb5 d6 6. a4 Be6 7.
N1c3 a6 8. Na3 Be7 9. Nc4 Rc8 10.
Be3 Nf6 11. Nb6 Rb8 12. Be2 O-O 13. O-O Nd7 14. Nbd5 Bg5 15. Bxg5 Qxg5 16. Nc7 Bh3 17. Bf3 Nd4 18. Kh1 Be6 19. Be2 Rbc8 20. Nxe6 fxe6 21. Bd3 Nf6 22. Ne2 Ng4 23. Nxd4 exd4 24. Kg1 Qh4 25.
h3 Nxf2 26. Qe1 Nxh3+ 27. gxh3 Qxh3 28. Qe2 Rc5 29. Rxf8+ Kxf8 30. Qf1+ Qxf1+ 31. Rxf1+ Ke7 32. Kg2 Ra5 33. b3 Rg5+ 34. Kf3 Kf6 35. Rh1 h6 36. Kf2 Ke5 37. Rh3 d5 38. exd5 Kxd5 39. Rh4 Kc5 40. Re4 e5 41. Rh4 b5 42. axb5 axb5 43. Kf3 Kd5 44. Bxb5 Rf5+ 45. Ke2 e4 46. Ba6 e3 47.
Bb7+ Kc5 48. Bf3 Rf6 49. Rh5+ Kb4 50. Be4 Rf2+ 51. Ke1 Rf4 52. Bd3 Rf2 53. Rf5 Rxf5 54. Bxf5 Kc3 55. Kd1 h5 56. Bg6 h4 57. Bf5 g5 58.
Bg4 d3 59. cxd3 Kxd3 60. Be6 e2+ 61. Ke1 Kc3 62. Kxe2 g4 63. Kf2 g3+ 64. Kg2 Kb4 65. Kh3 Kc3 66. Bd5 Kb4 67. Kg2 Kc3 68. Kf3 Kb4 69.
Ke3 h3 70. Kf3 g2 71. Kf2 Kc3 72. Kg1 Kb4 73. Kh2 Kc3 74. Be6 Kb4 75. Bxh3 g1=Q+ 76. Kxg1 Kxb3 1/2-1/2